 Dungeon Crawl Stone Soup version 0.17-a0-986-gf45d1aa (webtiles) character file.

120 oplop the Sneak (level 4, -9/21 HPs)
             Began as a Spriggan Enchanter on May 11, 2015.
             Killed by divine providence
             ... invoked by an orc priest
              (11 damage)
             ... on level 3 of the Dungeon.
             The game lasted 00:03:59 (2431 turns).

oplop the Sneak (Spriggan Enchanter)                Turns: 2431, Time: 00:03:59

Health: -9/21      AC:  4    Str:  4    XL:     4   Next: 75%
Magic:  2/11       EV: 18    Int: 17    God:
Gold:   134        SH:  0    Dex: 16    Spells: 4 memorised, 2 levels left

rFire  . . .     SeeInvis +     a - +1 dagger
rCold  . . .     Clarity  .     b - +1 robe
rNeg   . . .     SustAb   .     (shield restricted)
rPois  .         Gourm    .     (helmet restricted)
rElec  .         Spirit   .     x - +0 cloak
rCorr  .         Warding  .     (gloves unavailable)
rMut   .         Stasis   .     (boots unavailable)
MR     .....                    (no amulet)
Stlth  ++++......               (no ring)
                                (no ring)

@: very quick, not resistant to hostile enchantments, stealthy
A: unfitting armour, see invisible, herbivore 3, speed 3, slow metabolism 2
a: no special abilities


You were on level 3 of the Dungeon.
You were full.

You visited 1 branch of the dungeon, and saw 3 of its levels.

You collected 134 gold pieces.

Inventory:

Hand weapons
 a - a +1 dagger (weapon)
Armour
 b - a +1 robe (worn)
 x - a +0 cloak (worn)
Jewellery
 t - a +2 ring of dexterity {unknown}
 y - a +3 ring of intelligence {unknown}
 z - a +2 ring of strength {unknown}
Scrolls
 e - 2 scrolls of blinking {unknown}
 g - a scroll of random uselessness {unknown}
 h - 3 scrolls of identify {unknown}
 j - a scroll of enchant weapon {unknown}
 k - 2 scrolls of noise {unknown}
 l - a scroll of immolation {unknown}
 m - a scroll of teleportation {unknown}
 o - 3 scrolls of magic mapping {unknown}
 q - a scroll of fog {unknown}
 s - a scroll of remove curse {unknown}
 v - a scroll of recharging {unknown}
 w - a scroll of amnesia {unknown}
Potions
 f - 2 potions of magic {unknown}
 i - a potion of invisibility {unknown}
 n - 2 potions of might {unknown}
 p - a potion of flight {unknown}
 r - 2 potions of degeneration {unknown}
 u - a potion of brilliance {unknown}
Books
 c - a book of Maledictions

   Spells                             Type                      Level
   a - Corona                         Hexes                        1
   b - Ensorcelled Hibernation        Hexes/Ice                    2
   c - Confuse                        Hexes                        3
   d - Tukima's Dance                 Hexes                        3
   e - Dazzling Spray                 Conjuration/Hexes            3
Comestibles
 d - a bread ration


   Skills:
 - Level 1.1 Short Blades
 - Level 3.0 Dodging
 + Level 6.3 Stealth
 + Level 4.1 Spellcasting
 + Level 4.7 Hexes


You had 2 spell levels left.
You knew the following spells:

 Your Spells              Type           Power        Failure   Level  Hunger
a - Corona                Hex            ###....      2%          1    None
b - Ensorcelled Hibernat  Hex/Ice        ##....       12%         2    ##.....
c - Confuse               Hex            ###.....     10%         3    ###....
d - Tukima's Dance        Hex            ###.....     10%         3    ###....


Dungeon Overview and Level Annotations

Branches:
Dungeon (3/15)

Altars:


Innate Abilities, Weirdness & Mutations

You are tiny and cannot use many weapons and most armour.
You have supernaturally acute eyesight.
You are a herbivore.
You cover ground extremely quickly.
You need consume almost no food.


Message History

Aiming: Confuse
Press: ? - help, Shift-Dir - straight line, f - orc priest
Aim: an orc priest, wielding a hand axe and wearing a leather armour (severely wounded, chance 50%)
The orc priest resists with some effort.
Casting: Confuse
Confirm with . or Enter, or press ? or * to list all spells.
Aiming: Confuse
Press: ? - help, Shift-Dir - straight line, f/p - orc priest
Aim: an orc priest, wielding a hand axe and wearing a leather armour (severely wounded, chance 50%)
The orc priest resists with some effort.
Casting: Confuse
Confirm with . or Enter, or press ? or * to list all spells.
Aiming: Confuse
Press: ? - help, Shift-Dir - straight line, f/p - orc priest
Aim: an orc priest, wielding a hand axe and wearing a leather armour (severely wounded, chance 50%)
The orc priest resists with some effort.
The orc priest invokes the aid of Beogh against you.
Something smites you!
Ouch! That really hurt!
You die...

.....................
#....8...8...8........#
.......................#
....8...8...8...8......
.......................
.....8.).8...8.....# .#.#
#.................##.#.#
#.8...8...8...8.........
#.............@......#.#
#...8...8...8.........
#................>.... #.#.#
#.8...8...8...8[..#### #.#.#
.....)............).# #.#.#
#########)###..####o########.#.#
#[.........).......#.#.#
#####(#####.######.#.#.#
#######.# #......#.#.#.##


You could see an orc priest.

Vanquished Creatures
  5 adders
  An ooze (D:1)
  A worm (D:2)
  2 giant geckos
  A ball python (D:2)
  5 bats
  5 giant cockroaches
  6 goblins
  8 hobgoblins
  2 jackals (D:2)
  4 giant newts (D:2)
  4 kobolds
  6 rats
  A fungus (D:2)
51 creatures vanquished.

Vanquished Creatures (collateral kills)
  Crazy Yiuf (D:2)
  3 orcs (D:3)
4 creatures vanquished.

Vanquished Creatures (others)
  A dancing weapon (D:3)
1 creature vanquished.

Grand Total: 56 creatures vanquished

Notes
Turn   | Place    | Note
--------------------------------------------------------------
     0 | D:1      | oplop the Spriggan Enchanter began the quest for the Orb.
     0 | D:1      | Reached XP level 1. HP: 9/9 MP: 5/5
   470 | D:1      | Reached XP level 2. HP: 13/13 MP: 7/7
   473 | D:1      | Reached skill level 5 in Stealth
  1094 | D:2      | Reached XP level 3. HP: 11/16 MP: 8/8
  1098 | D:2      | Learned a level 2 spell: Ensorcelled Hibernation
  1102 | D:2      | Learned a level 3 spell: Confuse
  1568 | D:2      | Reached XP level 4. HP: 11/21 MP: 7/10
  1581 | D:2      | Learned a level 3 spell: Tukima's Dance
  1832 | D:2      | Reached skill level 6 in Stealth
  1988 | D:2      | Noticed Crazy Yiuf
  2002 | D:2      | Killed Crazy Yiuf
  2431 | D:3      | Killed from afar by an orc priest

Vault maps used:
D:1:      evilmike_arrival_crescent
D:2:      first_bread, uniq_crazy_yiuf_cottage
D:3:      kennysheep_crisscross, uniq_grinder, uniq_robin

Action                   |  1- 3 |  4- 6 || total
-------------------------+-------+-------++-------
Melee: Dagger            |   128 |    72 ||   200
 Cast: Corona            |     2 |       ||     2
       Ensorcelled Hiber |     6 |     5 ||    11
       Confuse           |       |     6 ||     6
       Tukima's Dance    |       |     5 ||     5
 Stab: Sleeping          |    14 |     6 ||    20
       Confused          |       |     1 ||     1
  Eat: Bread ration      |       |     1 ||     1
